 Dungeon Crawl Stone Soup version 0.30.0-29-ga12c61a403 (webtiles) character file.

Game seed: 11095755710124005474

141978 BillyBaka the Peltast (level 16, 0/229 HPs)
             Began as an Armataur Fighter on June 21, 2023.
             Was an Initiate of Gozag.
             Slain by a naga
             ... wielding a +0 glaive
              (7 damage)
             ... on level 4 of the Snake Pit.
             The game lasted 02:49:44 (28286 turns).

BillyBaka the Peltast (Armataur Fighter)           Turns: 28286, Time: 02:49:45

Health: 0/229      AC: 35    Str: 30    XL:     16   Next: 79%
Magic:  2/2        EV:  4    Int:  4    God:    Gozag
Gold:   3005       SH: 21    Dex:  9    Spells: 15/15 levels left

rFire   + . .        S - +6 eveningstar (antimagic)
rCold   + . .        Z - +2 tower shield
rNeg    . . .        z - +7 Kryia's mail coat {PotionHeal*2 rC+}
rPois   +            r - +1 helmet of Fortification {Will++ Int-5 SInv}
rElec   .            q - +2 cloak {rCorr}
rCorr   +            V - +2 pair of gloves
SInv    +            U - +4 barding
Will    ++++.        N - amulet of regeneration Stlth
                     C - ring of protection from cold
HPRegen 1.38/turn    D - ring of the Genius {Fire rPois Will+ MP-9}
MPRegen 0.08/turn

%: roll
@: berserking, gold aura, slowed, constricted
A: large, rugged brown scales 3, deformed body, armoured tail, roll, long
tongue, awkward tongue
a: Renounce Religion, Potion Petition, Call Merchant, Bribe Branch


You were on level 4 of the Snake Pit.
You worshipped Gozag.
Gozag was most pleased with you.
You visited 6 branches of the dungeon, and saw 28 of its levels.
You also visited: Sewer and Volcano.

You collected 9860 gold pieces.
You spent 2552 gold pieces at shops.
You paid 4303 gold pieces to Gozag.

Inventory:

Hand Weapons
 v - the +6 shillelagh "Devastator" {shatter}
   (You bought it in a shop on level 1 of the Snake Pit)
 S - a +6 antimagic eveningstar (weapon)
Missiles
 w - 5 curare-tipped darts
Armour
 m - a +0 ring mail of fire resistance
 o - a +0 buckler of positive energy
 q - a +2 cloak of preservation (worn)
 r - the +1 helmet of Fortification (worn) {Will++ Int-5 SInv}
   (You found it on level 3 of the Dungeon)

   Int:       It affects your intelligence (-5).
   SInv:      It lets you see invisible.
   Will:      It greatly increases your willpower.
 z - the +7 Kryia's mail coat (worn) {PotionHeal*2 rC+}
   (You found it on level 3 of the Dungeon)

   PotionHeal*2: Potions heal its wearer twice as much.
   rC:        It protects you from cold.
 U - a +4 barding (worn)
 V - a +2 pair of gloves (worn)
 Z - a +2 tower shield (worn)
Jewellery
 l - a ring of protection from fire
 A - a +5 ring of evasion
 C - a ring of protection from cold (left hand)
 D - the ring of the Genius (right hand) {Fire rPois Will+ MP-9}
   (You bought it in a shop on level 2 of the Orcish Mines)

   [ring of fire]

   It enhances your fire magic.
   rF:        It protects you from fire.
   rC:        It makes you vulnerable to cold.
   rPois:     It protects you from poison.
   MP:        It affects your magic capacity (-9).
   Will:      It increases your willpower.
 G - a ring of flight
 N - an amulet of regeneration (around neck)
Wands
 a - a wand of acid (4)
 j - a wand of roots (22) (quivered)
 n - a wand of flame (7)
 H - a wand of polymorph (5)
 P - a wand of paralysis (6)
 R - a wand of mindburst (15)
Scrolls
 b - 3 scrolls of torment
 e - 7 scrolls of fog
 f - 7 scrolls of amnesia
 i - 4 scrolls of poison
 p - 7 scrolls of blinking
 s - 16 scrolls of teleportation
 y - 7 scrolls of fear
 I - a scroll of butterflies
 M - 5 scrolls of silence
 Q - a scroll of brand weapon
 T - 2 scrolls of vulnerability
 W - 2 scrolls of immolation
 X - 10 scrolls of magic mapping
Potions
 d - 9 potions of might
 k - 8 potions of attraction
 t - 5 potions of invisibility
 u - 7 potions of haste
 x - 6 potions of cancellation
 B - a potion of heal wounds
 E - a potion of berserk rage
 F - 7 potions of ambrosia
 J - 11 potions of curing
 K - 5 potions of lignification
 L - a potion of brilliance
 O - 2 potions of mutation
Miscellaneous
 c - a lightning rod (inert)
 g - a phial of floods


   Skills:
 * Level 13.0 Fighting
 * Level 15.4 Maces & Flails
 - Level 4.7 Polearms
 + Level 11.6 Armour
 + Level 5.1 Dodging
 + Level 14.7 Stealth
 + Level 18.3 Shields
 - Level 4.3 Evocations


You had 15 spell levels left.
You didn't know any spells.
Your spell library contained the following spells:

 Spells                   Type           Power      Damage    Failure   Level
 Foxfire                  Conj/Fire      0%         2x1d4     86%         1
 Magic Dart               Conj           0%         1d3       86%         1
 Necrotise                Necr           0%         1d4       86%         1
 Shock                    Conj/Air       0%         1d3       86%         1
 Sting                    Tmut/Pois      0%         1d3       86%         1
 Call Imp                 Summ           0%         N/A       95%         2
 Poisonous Vapours        Pois/Air       0%         N/A       95%         2
 Scorch                   Fire           0%         2d5       95%         2
 Searing Ray              Conj           0%         2d4       95%         2
 Call Canine Familiar     Summ           0%         N/A       99%         3
 Dazzling Flash           Conj/Hex       0%         N/A       99%         3
 Frozen Ramparts          Ice            0%         1d1       99%         3
 Hailstorm                Conj/Ice       0%         3d3       99%         3
 Mephitic Cloud           Conj/Pois/Air  0%         N/A       99%         3
 Portal Projectile        Hex/Tloc       0%         N/A       99%         3
 Swiftness                Air            0%         N/A       99%         3
 Tukima's Dance           Hex            0%         N/A       99%         3
 Vampiric Draining        Necr           0%         2d6       99%         3
 Airstrike                Air            0%         2d(0-16)  100%        4
 Flame Wave               Conj/Fire      0%         2d4       100%        4
 Fulminant Prism          Conj/Hex       0%         3d5       100%        4
 Ice Form                 Ice/Tmut       0%         N/A       100%        4
 Leda's Liquefaction      Hex/Erth       0%         N/A       100%        4
 Olgreb's Toxic Radiance  Pois           0%         N/A       100%        4
 Summon Ice Beast         Ice/Summ       0%         N/A       100%        4
 Agony                    Necr           0%         N/A       100%        5
 Alistair's Intoxication  Tmut/Pois      0%         N/A       100%        5
 Blade Hands              Tmut           0%         N/A       100%        5
 Fireball                 Conj/Fire      0%         3d3       100%        5
 Iskenderun's Battlesphe  Conj           0%         2d6       100%        5
 Silence                  Hex/Air        0%         N/A       100%        5
 Iron Shot                Conj/Erth      0%         9d1       100%        6
 Plasma Beam              Fire/Air       0%         2x1d11    100%        6
 Starburst                Conj/Fire      0%         6d3       100%        6
 Summon Cactus Giant      Summ           0%         N/A       100%        6
 Dragon Form              Tmut           0%         N/A       100%        7
 Spellforged Servitor     Conj/Summ      0%         N/A       100%        7
 Storm Form               Tmut/Air       0%         N/A       100%        7
 Discord                  Hex            0%         N/A       100%        8
 Ignition                 Fire           0%         3d3       100%        8
 Simulacrum               Ice/Necr       Unusable   N/A       N/A         6

Dungeon Overview and Level Annotations

Branches:
Dungeon (15/15)            Temple (1/1) D:7            Lair (5/5) D:8
  Swamp (1/4) Lair:3        Snake (4/4) Lair:2        Slime (0/5) Lair:4
    Orc (2/2) D:12            Elf (0/3) Orc:2        Vaults (0/5) D:13
 Depths (0/4) D:15          Sewer (visited)         Volcano (visited)

Altars:
Ashenzari
Cheibriados
Dithmenos
Elyvilon
Fedhas
Gozag
Hepliaklqana
Kikubaaqudgha
Makhleb
Nemelex Xobeh
Okawaru
Qazlal
Ru
Sif Muna
Trog
Uskayaw
Vehumet
Wu Jian
Xom
Yredelemnul
Zin
The Shining One
Lugonu

Shops:
D:4 :   D:6 *   D:13 *   Orc:1 *   Orc:2 ?=?**   Snake:1 *

Portals:
Abyss: Lair:5

Annotations:
Lair:4 3 runed translucent doors, exclusion: 3 doors, runemage's ghost, journeyman GnFi
Snake:4 Aizul


Innate Abilities, Weirdness & Mutations

You are completely covered in rugged brown scales. (AC +3, +7% HP)
Armour fits poorly on your strangely shaped body.
You have a long armoured tail.
You roll when moving toward enemies. (Rampage)
Your long tongue fully drains potion bottles. (2x potion effects)
Your tongue gives you trouble enunciating. (1.5x scroll delay)


Message History

The splash of poison hits you.
You have difficulty breathing.
* * * LOW HITPOINT WARNING * * *
You feel as though you will be slow longer.
* * * LOW HITPOINT WARNING * * *
The naga warrior hits you with a +0 flail!!
* * * LOW HITPOINT WARNING * * *
The naga warrior constricts you. The naga mage casts a spell at you.
The bolt of poison hits you but does no damage.
You resist.
The naga is distracted by your dazzling golden aura.
The naga sharpshooter falters for a moment.
The naga shouts!
You are too berserk!
You puncture the naga sharpshooter!
You kill the naga sharpshooter!
The naga unwields a +0 mace.
The naga wields a +0 sling.
The naga shoots a sling bullet.
You block the sling bullet. The naga warrior spits poison at you.
You block the splash of poison. The naga warrior constricts you.
* * * LOW HITPOINT WARNING * * *
The naga mage hits you but does no damage.
You block the naga warrior's attack.
You stick the naga mage like a pincushion!!!
You kill the naga mage!
You block the naga warrior's attack. The naga warrior constricts you.
The naga warrior hits you with a +0 hand axe!
* * * LOW HITPOINT WARNING * * *
The naga shoots a sling bullet.
You block the sling bullet.
You puncture the naga!
The naga is no longer distracted by gold.
The naga is almost dead.
You block the naga warrior's attack. The naga warrior spits poison at you.
You block the splash of poison. The naga warrior constricts you.
* * * LOW HITPOINT WARNING * * *
The naga shoots a sling bullet.
You block the sling bullet. The naga hits you with a +0 glaive!
You die...
Your body crumbles into a pile of gold.

####.....# #..... #.#####
#'######
#.)....############
#..................
#..................
#..................
.#####....$NN...........
...........N@$.N.<....S..
...........$##......##...
.........$..##...$..#
.######.....##......#
########......# .......#
........# .........#


You could see 2 naga warriors and 2 nagas.

Vanquished Creatures
  Jorgrun (Snake:3)
  Rupert (D:13)
  Mlioglotl (Snake:3)
  Gastronok (D:9)
  Kirke (Lair:4)
  A nagaraja (Snake:3)
  Louise (D:15)
  A stone giant (Orc:2)
  Nessos (Lair:3)
  Azrael (D:13)
  Josephine (D:10)
  Fannar (D:10)
  3 hydras
  Erica (D:8)
  3 ogre magi
  A catoblepas (D:13)
  12 two-headed ogres
  4 boulder beetles
  5 anacondas
  2 naga warriors
  2 tengu warriors (D:15)
  5 centaur warriors
  7 naga sharpshooters
  Urug (D:13)
  4 thrashing horrors (Lair:5)
  Nergalle (D:11)
  3 shock serpents
  Sonja (D:11)
  4 skysharks
  2 deep trolls (Orc:2)
  A bog body (Lair:3)
  5 naga ritualists
  8 orc knights
  4 deep elf pyromancers
  11 mana vipers
  3 oklob plants (Lair:4)
  10 ugly things
  An orc sorcerer (Orc:2)
  A salamander (shapeshifter) (Lair:5)
  A wolf spider (D:15)
  3 manticores
  A faun (shapeshifter) (D:15)
  3 elephants (Lair:4)
  5 salamanders
  33 black mambas
  Joseph (D:7)
  2 cyclopes
  A black mamba (shapeshifter) (Lair:5)
  8 naga magi
  5 guardian serpents
  A torpor snail (Lair:1)
  2 smoke demons (Lair:5)
  A gargoyle (D:12)
  6 cane toads
  2 unseen horrors
  5 rime drakes
  8 komodo dragons
  A komodo dragon (shapeshifter) (D:15)
  4 ancient zymes (Lair:5)
  A tengu conjurer (D:15)
  A queen bee (D:9)
  A polar bear (Lair:5)
  A red devil (Volcano)
  13 trolls
  A wolf spider simulacrum (D:14)
  Grinder (D:6)
  Prince Ribbit (D:7)
  34 blink frogs
  12 slime creatures
  3 dream sheep (Lair:1)
  Sigmund (D:6)
  2 spriggans (Lair:5)
  6 wyverns
  6 wraiths
  5 fire elementals
  58 yaks
  16 humans (D:13)
  6 basilisks
  A vampire (D:10)
  A hog (Lair:4)
  A golden eye (shapeshifter) (Lair:5)
  5 steam dragons
  Menkaure (D:5)
  2 chaos spawn (Lair:5)
  10 vampire mosquitoes
  30 nagas
  2 acid dragons
  4 wargs
  Duvessa (D:5)
  9 small abominations (Lair:5)
  10 water moccasins
  5 hell hounds
  2 sky beasts (D:6)
  4 ice beasts
  25 orc warriors
  18 ogres
  2 black bears
  19 wolves
  17 centaurs
  A phantom (D:6)
  11 bullfrogs
  4 kobold brigands
  5 scorpions
  2 gnoll sergeants (D:9)
  10 wights
  25 killer bees (D:9)
  Dowan (D:5)
  5 howler monkeys
  2 electric eels (D:8)
  10 hounds
  27 orc priests
  Jessica (D:2)
  Ijyb (D:5)
  5 iguanas
  17 orc wizards
  2 sleepcaps
  Natasha (thrice) (D:3)
  10 gnolls
  11 adders
  7 river rats (Sewer)
  2 shadow imps
  4 ufetubi
  A worm (D:2)
  3 dart slugs
  51 orcs
  14 ball pythons
  7 endoplasms
  3 giant cockroaches
  7 hobgoblins
  A quokka (D:3)
  7 bats
  7 frilled lizards
  12 goblins
  34 kobolds
  17 rats
878 creatures vanquished.

Vanquished Creatures (others)
  A blink frog (Lair:3)
  3 starspawn tentacles (Snake:3)
4 creatures vanquished.

Grand Total: 882 creatures vanquished

Notes
Turn   | Place    | Note
-------+----------+-------------------------------------------
     0 | D:1      | BillyBaka the Armataur Fighter began the quest for the Orb.
     0 | D:1      | Reached XP level 1. HP: 19/19 MP: 1/1
   104 | D:1      | Reached XP level 2. HP: 26/26 MP: 2/2
   473 | D:1      | Reached skill level 1 in Stealth
   669 | D:1      | Reached XP level 3. HP: 32/32 MP: 3/3
  1162 | D:2      | Reached XP level 4. HP: 34/40 MP: 2/4
  1309 | D:2      | Noticed Jessica
  1315 | D:2      | Killed Jessica
  1835 | D:3      | Noticed Natasha
  1839 | D:3      | Killed Natasha
  1840 | D:3      | Reached skill level 1 in Evocations
  1840 | D:3      | Reached XP level 5. HP: 44/48 MP: 5/5
  1846 | D:3      | Identified the +1 helmet of Fortification {Will++ Int-5
                  | SInv}
  1852 | D:3      | Noticed Natasha
  1859 | D:3      | Killed Natasha
  1934 | D:3      | Found a glowing drain.
  2023 | D:3      | Reached skill level 4 in Shields
  2043 | Sewer    | Entered a sewer
  2114 | Sewer    | Reached XP level 6. HP: 31/54 MP: 3/6
  2898 | D:3      | Found the +7 Kryia's mail coat {PotionHeal*2 rC+}
  3120 | D:3      | Noticed Natasha
  3124 | D:3      | Killed Natasha
  3328 | D:4      | Found Loopsodoy's Book Boutique.
  3364 | D:4      | Identified the +9 spear of the Chain {drain, rN++ Str+3}
  3596 | D:4      | You fall into a shaft and drop 1 floor!
  3596 | D:5      | Entered Level 5 of the Dungeon
  3599 | D:5      | Noticed Duvessa
  3599 | D:5      | Noticed Dowan
  3611 | D:5      | Killed Duvessa
  3612 | D:5      | Reached XP level 7. HP: 55/62 MP: 7/7
  3615 | D:5      | Killed Dowan
  3616 | D:5      | Reached skill level 1 in Polearms
  3616 | D:5      | Reached skill level 5 in Armour
  4225 | D:5      | Noticed Ijyb
  4233 | D:5      | Reached skill level 5 in Shields
  4236 | D:5      | Killed Ijyb
  4267 | D:5      | Reached XP level 8. HP: 65/70 MP: 6/8
  4431 | D:5      | Found a shimmering blue altar of Sif Muna.
  4563 | D:5      | Found a white marble altar of Elyvilon.
  4666 | D:5      | Noticed Menkaure
  4673 | D:5      | Killed Menkaure
  4770 | D:6      | Noticed Sigmund
  4784 | D:6      | Killed Sigmund
  4884 | D:6      | Found a sparkling altar of Nemelex Xobeh.
  4885 | D:6      | Found an opulent altar of Gozag.
  4898 | D:6      | Became a worshipper of Gozag Ym Sagoz the Greedy
  5069 | D:6      | Identified the +0 robe of Complete Protection {rCorr MP+9
                  | Str-3 Int+5}
  5247 | D:6      | Reached skill level 5 in Stealth
  5255 | D:6      | Reached XP level 9. HP: 71/78 MP: 7/9
  5329 | D:6      | Reached skill level 5 in Fighting
  5329 | D:6      | Reached skill level 6 in Shields
  5396 | D:6      | Identified a scroll of acquirement
  5397 | D:6      | Acquired a manual of Shields
  5478 | D:6      | Found Juaveni's Lightly-Used Armoury.
  5495 | D:6      | Found a shadowy altar of Dithmenos.
  5548 | D:6      | Noticed Grinder
  5564 | D:6      | Killed Grinder
  5565 | D:6      | Reached skill level 7 in Shields
  5837 | D:7      | Reached skill level 8 in Shields
  5884 | D:7      | Reached skill level 5 in Maces & Flails
  5908 | D:7      | Found a staircase to the Ecumenical Temple.
  5917 | Temple   | Entered the Ecumenical Temple
  6080 | D:7      | Noticed Joseph
  6096 | D:7      | Killed Joseph
  6097 | D:7      | Reached XP level 10. HP: 88/88 MP: 10/10
  6180 | D:7      | Reached skill level 9 in Shields
  6317 | D:7      | Noticed Prince Ribbit
  6341 | D:7      | Killed Prince Ribbit
  6630 | D:8      | Found a staircase to the Lair.
  6763 | D:8      | Reached skill level 10 in Shields
  7155 | D:8      | Found an iron altar of Okawaru.
  7372 | D:8      | Noticed Erica
  7387 | D:8      | Killed Erica
  7388 | D:8      | Reached skill level 11 in Shields
  7818 | D:9      | Reached XP level 11. HP: 97/97 MP: 11/11
  7914 | D:9      | Reached skill level 12 in Shields
  8248 | D:9      | Found an ornate altar of the Wu Jian Council.
  8387 | D:9      | Noticed Gastronok
  8413 | D:9      | Killed Gastronok
  8419 | D:9      | Reached skill level 13 in Shields
  8812 | Lair:1   | Entered Level 1 of the Lair of Beasts
  9478 | Lair:1   | Reached skill level 14 in Shields
 10083 | Lair:2   | Reached XP level 12. HP: 52/108 MP: 12/12
 10159 | Lair:2   | Found a staircase to the Snake Pit.
 10288 | Lair:2   | Noticed a six-headed hydra
 10297 | Lair:2   | Killed a six-headed hydra
 10381 | Lair:2   | Reached skill level 15 in Shields
 11211 | Lair:3   | Found a staircase to the Swamp.
 11215 | Lair:3   | Noticed a six-headed hydra
 11223 | Lair:3   | Killed a six-headed hydra
 11302 | Lair:3   | Noticed Nessos
 11345 | Lair:3   | Killed Nessos
 11346 | Lair:3   | Reached skill level 10 in Stealth
 11346 | Lair:3   | Reached skill level 16 in Shields
 11601 | Lair:3   | Reached skill level 10 in Maces & Flails
 11998 | Lair:3   | HP: 4/110 [skyshark (6)]
 12585 | Swamp:1  | Entered Level 1 of the Swamp
 12640 | Lair:4   | Found a dark tunnel.
 12654 | Volcano  | Entered a volcano
 12757 | Lair:4   | Found a staircase to the Slime Pits.
 12873 | Lair:4   | Noticed Kirke
 12895 | Lair:4   | Killed Kirke
 12896 | Lair:4   | Reached XP level 13. HP: 80/117 MP: 13/13
 13050 | Lair:4   | Found a runed translucent gate.
 13050 | Lair:4   | Found a runed translucent gate.
 13142 | Lair:4   | Reached skill level 17 in Shields
 13244 | Lair:4   | Noticed runemage's ghost (journeyman GnFi)
 13250 | Lair:4   | Found a runed translucent gate.
 14139 | Lair:5   | Entered Level 5 of the Lair of Beasts
 14485 | Lair:5   | Identified the +1 mace of Xicox {venom, Int+3}
 16461 | Lair:5   | Reached XP level 14. HP: 69/127 MP: 14/14
 16822 | Lair:5   | Found a corrupted altar of Lugonu.
 16823 | Lair:5   | Found a one-way gate to the infinite horrors of the Abyss.
 17152 | D:10     | Entered Level 10 of the Dungeon
 17411 | D:10     | Noticed Josephine
 17426 | D:10     | Killed Josephine
 17460 | D:10     | Reached skill level 10 in Fighting
 17517 | D:10     | Noticed Fannar
 17543 | D:10     | Killed Fannar
 18153 | D:10     | Got the Treatise on Metamorphosis
 18391 | D:11     | Noticed Nergalle
 18441 | D:11     | Killed Nergalle
 19038 | D:11     | Noticed Sonja
 19065 | D:11     | Killed Sonja
 19273 | D:12     | Reached skill level 1 in Dodging
 19509 | D:12     | Found a staircase to the Orcish Mines.
 19983 | Orc:1    | Entered Level 1 of the Orcish Mines
 20149 | Orc:2    | Entered Level 2 of the Orcish Mines
 20404 | Orc:2    | Found Xidadump's Magic Scroll Boutique.
 20506 | Orc:2    | Noticed a stone giant
 20529 | Orc:1    | Found Jicrufro's Assorted Antiques.
 20592 | Orc:1    | Bought an embroidered cloak for 217 gold pieces
 20714 | Orc:1    | Reached XP level 15. HP: 97/136 MP: 15/15
 21389 | Orc:2    | Bought a scroll of silence for 114 gold pieces
 21389 | Orc:2    | Bought a scroll of fear for 48 gold pieces
 21389 | Orc:2    | Bought a scroll of silence for 114 gold pieces
 21389 | Orc:2    | Bought a scroll of teleportation for 36 gold pieces
 21389 | Orc:2    | Bought a scroll of enchant armour for 90 gold pieces
 21389 | Orc:2    | Bought a scroll of teleportation for 36 gold pieces
 21390 | Orc:2    | Found Jont's Magic Scroll Emporium.
 21392 | Orc:2    | Found Wuvvepev's General Store.
 21402 | Orc:2    | Bought a scroll of teleportation for 36 gold pieces
 21402 | Orc:2    | Bought a scroll of enchant armour for 90 gold pieces
 21402 | Orc:2    | Bought a scroll of silence for 114 gold pieces
 21402 | Orc:2    | Bought a scroll of teleportation for 36 gold pieces
 21402 | Orc:2    | Bought a scroll of blinking for 90 gold pieces
 21404 | Orc:2    | Found Qianwo's Jewellery Shoppe.
 21405 | Orc:2    | Found Teomad's Assorted Antiques.
 21407 | Orc:2    | Bought a potion of ambrosia for 80 gold pieces
 21415 | Orc:2    | Found a staircase to the Elven Halls.
 21418 | Orc:2    | Bought the ring of the Genius {Fire rPois Will+ MP-9} for
                  | 350 gold pieces
 22007 | D:13     | Noticed Rupert
 22007 | D:13     | Noticed Urug
 22007 | D:13     | Noticed Azrael
 22007 | D:13     | Found a gate to the Vaults.
 22111 | D:13     | Killed Rupert
 22130 | D:13     | Reached skill level 10 in Armour
 22317 | D:13     | Killed Urug
 22531 | D:13     | Found Beg Wooj's Assorted Antiques.
 22549 | D:13     | Killed Azrael
 22588 | D:13     | Bought a silvery potion for 20 gold pieces
 22588 | D:13     | Bought a potion of curing for 69 gold pieces
 22588 | D:13     | Bought a scroll of magic mapping for 172 gold pieces
 23605 | D:15     | Entered Level 15 of the Dungeon
 23605 | D:15     | Noticed Louise
 23624 | D:15     | Killed Louise
 23744 | D:15     | Found a staircase to the Depths.
 24582 | Snake:1  | Entered Level 1 of the Snake Pit
 24675 | Snake:1  | Reached XP level 16. HP: 126/148 MP: 2/16
 25140 | Snake:1  | Found a sparkling altar of Nemelex Xobeh.
 25314 | Snake:1  | Found Gaisimn's Mayhem Merchandise.
 25320 | Snake:1  | Bought the +6 shillelagh "Devastator" {shatter} for 840
                  | gold pieces
 25320 | Snake:1  | Found the +6 shillelagh "Devastator" {shatter}
 25373 | Snake:1  | Reached skill level 18 in Shields
 26061 | Snake:2  | Found an iron altar of Okawaru.
 26185 | Snake:2  | Reached skill level 15 in Maces & Flails
 26752 | Snake:3  | Noticed Mlioglotl
 26760 | Snake:3  | Noticed a tentacled starspawn
 26774 | Snake:3  | Killed Mlioglotl
 27049 | Snake:3  | Found a shimmering altar of Xom.
 27509 | Snake:3  | Noticed Jorgrun
 27633 | Snake:3  | Killed Jorgrun
 27774 | Snake:3  | Reached skill level 5 in Dodging
 28075 | Snake:4  | Entered Level 4 of the Snake Pit
 28078 | Snake:4  | Noticed Aizul
 28285 | Snake:4  | HP: 7/229 [naga warrior/+0 hand axe (7)]
 28286 | Snake:4  | Slain by a naga

Illustrated notes

Levels and vault maps discovered:
D:1:      minmay_arrival_three_doors, layout_basic
D:2:      layout_loops_ring, st_stairs_13, minmay_increasing_density,
          uniq_jessica
D:3:      layout_loops_ring, gup_sewer_entry_glass, uniq_natasha
D:4:      layout_loops_ring, serial_shops, shop
D:5:      layout_cave_pods, mainiacjoe_overflow_big_doors, uniq_duvessa,
          uniq_ijyb, uniq_menkaure
D:6:      layout_basic, grunt_temple_overflow_opulence,
          nicolae_dithmenos_shadow_blocks, minmay_shop_damaged,
          minmay_joined_circles, uniq_sigmund, uniq_grinder
D:7:      corexii_shack_village, layout_basic, minmay_temple_entry_waves,
          uniq_joseph, uniq_prince_ribbit1
D:8:      layout_loops_corners, hellmonk_okawaru_the_only_friend_you_need,
          erik_lair_island, uniq_erica
D:9:      layout_roguey [special_room_bee], nicolae_overflow_crystal_walls,
          uniq_gastronok
D:10:     layout_long_grid, grunt_ministairs_7, centaur_isle, uniq_fannar,
          uniq_josephine
D:11:     layout_irregular_city, kennysheep_potato, uniq_nergalle, uniq_sonja
D:12:     layout_basic, orc_0_dummy
D:13:     layout_rooms, david_vaults_3, serial_shops, nicolae_diamond_shop,
          serial_glass, glass_columns_b, glass_columns_a, glass_columns_b,
          glass_columns_a, glass_columns_b, glass_columns_a, uniq_azrael
D:14:     layout_gridville
D:15:     hangedman_depths_entry_try_elsewhere_first, layout_irregular_city,
          moated_statue, uniq_louise
Temple:   hellmonk_temple_two_chambers
Lair:1:   layout_cave_pods, uniq_urug
Lair:2:   layout_cave_pods, minmay_snake_entry_spellcaster,
          infiniplex_staircase_pool_2, grunt_megastairs_1
Lair:3:   layout_cellular_growth, skrybe_swamp_entry_bodies,
          lemuel_old_faithful, uniq_nessos
Lair:4:   layout_cave_pods, minmay_slime_entry_oklob_open,
          gammafunk_ghost_split, enter_volcano_3, lemuel_fruit_tree, uniq_kirke
Lair:5:   hellmonk_lair_end_abyssal_woods, layout_cave_pods, minmay_hedge_maze,
          grunt_megastairs_2
Swamp:1:  layout_falls_marsh, portal_ice_cave_entry_pillars_1,
          evilmike_swamp_ruin_house_5, uniq_donald
Snake:1:  layout_gridlike, basic_altar, minmay_shop_mayhem,
          nrook_guardian_serpent_double, grunt_megastairs_3
Snake:2:  layout_onion, basic_altar
Snake:3:  layout_gridlike, basic_altar, uniq_jorgrun, uniq_mlioglotl
Snake:4:  minmay_snake_end_coiled, layout_grid_maze, basic_altar, uniq_aizul
Orc:1:    layout_caves, special_room [special_room_orc], basic_altar,
          serial_shops, shop
Orc:2:    st_orc_open, layout_caves, serial_shops, shop

Skill      XL: |  1  2  3  4  5  6  7  8  9 10 11 12 13 14 15 16 |
---------------+-------------------------------------------------+-----
Maces & Flails | 2 3 5 7 8 10 12 13 14 15 | 15.4
Stealth        | 1 2 3 4 5 6 7 9 10 11 13 14 | 14.7
Armour         | 4 5 6 7 9 10 11 | 11.6
Fighting       | 3 4 5 6 7 8 9 10 12 13 | 13.0
Evocations     | 1 2 4 |  4.3
Shields        | 4 5 8 11 14 16 17 18 | 18.3
Polearms       | 2 3 4 |  4.7
Dodging        | 2 4 5 |  5.1

Action                     |  1- 3 |  4- 6 |  7- 9 | 10-12 | 13-15 | 16-18 || total
---------------------------+-------+-------+-------+-------+-------+-------++-------
  Melee: Flail             |    21 |       |       |       |       |       ||    21
         Tailslap          |    12 |    26 |    30 |   135 |   402 |    75 ||   680
         Mace              |    91 |   262 |       |       |       |       ||   353
         Spear             |       |    11 |   186 |       |       |       ||   197
         Morningstar       |       |       |    89 |   987 |  2120 |       ||  3196
         Eveningstar       |       |       |       |       |   105 |   470 ||   575
 Invoke: Potion Petition   |       |       |       |     2 |     7 |     3 ||    12
  Evoke: Wand              |       |       |     2 |    34 |    52 |       ||    88
         Lightning rod     |       |       |       |       |     1 |     4 ||     5
    Use: Potion            |     1 |       |       |     4 |     8 |     1 ||    14
         Scroll            |       |     2 |     5 |    14 |    15 |     6 ||    42
   Stab: Sleeping          |       |       |     3 |    10 |    13 |    18 ||    44
         Distracted        |       |       |     2 |    12 |    11 |     5 ||    30
 Armour: Scale mail        |    65 |   228 |   161 |   661 |  1466 |   206 ||  2787
         Ring mail         |       |       |       |    18 |     5 |       ||    23
  Dodge: Dodged            |    33 |   118 |    85 |   322 |   520 |    64 ||  1142
  Block: Buckler           |    20 |    70 |    74 |   407 |   810 |       ||  1381
         Tower shield      |       |       |       |       |    95 |   417 ||   512
